 Dungeon Crawl Stone Soup version 0.29.0-4-gdea44cf6ec (webtiles) character file.

Game seed: 7201729881164593242

30139 qw the Blocker (level 13, -2/118 HPs)
             Began as a Troll Cinder Acolyte on Aug 30, 2022.
             Was a High Priest of Okawaru.
             Slain by a 16-headed hydra (8 damage)
             ... on level 3 of the Lair of Beasts.
             The game lasted 00:07:14 (12341 turns).

qw the Blocker (Troll Cinder Acolyte)              Turns: 12341, Time: 00:07:14

Health: -2/118     AC: 18    Str: 35    XL:     13   Next: 19%
Magic:  11/17      EV:  8    Int: 10    God:    Okawaru [*****.]
Gold:   312        SH: 20    Dex:  5    Spells: 14/14 levels left

rFire   + + .      SeeInvis +     - Unarmed
rCold   x . .      Faith    .   c - +2 tower shield {AC+3}
rNeg    . . .      Spirit   .   q - +1 fire dragon scales
rPois   .          Reflect  .   a - +2 hat
rElec   .          Harm     .   (no cloak)
rCorr   .          Rampage  .   (gloves unavailable)
Will    .....                   (boots unavailable)
Stlth   +.........              (no amulet)
HPRegen 1.09/turn               j - ring of see invisible
MPRegen 0.15/turn               m - +6 ring of strength

@: about to teleport, heroic, finesse-ful
A: large, unfitting armour, claws 3, regeneration 1, shaggy fur 1, tough skin 1
a: Renounce Religion, Heroism, Finesse, Duel


You were on level 3 of the Lair of Beasts.
You worshipped Okawaru.
Okawaru was extremely pleased with you.
You visited 3 branches of the dungeon, and saw 14 of its levels.
You also visited: Sewer.

You collected 612 gold pieces.
You spent 300 gold pieces at shops.


Innate Abilities, Weirdness & Mutations

You are too large for most types of armour.
You have claws for hands.
Your natural rate of healing is unusually fast.
You are covered in fur. (AC +1)
You have tough skin. (AC +1)


   Skills:
 - Level 5.2(10.2) Fighting
 + Level 2.2(7.2) Throwing
 - Level 3.0(8.0) Armour
 - Level 1.2(6.2) Dodging
 - Level 13.9(18.9) Shields
 - Level 13.0(18.0) Unarmed Combat
 - Level 1.0 Spellcasting
 - Level 2.1 Fire Magic
 + Level 7.6 Invocations


You had 14 spell levels left.
You didn't know any spells.
Your spell library contained the following spells:

 Spells                   Type           Power      Damage    Failure   Level
 Scorch                   Fire           8%         2d5       63%         2

Inventory:

Missiles
 f - 3 javelins (quivered)
Armour
 a - a +2 hat (worn)
 b - a +0 cloak
 c - a +2 tower shield of protection (worn)
 e - the +2 robe of the Ancient Teeth {Will+ SInv}
   (Okawaru gifted it to you on level 3 of the Lair of Beasts)

   SInv:      It lets you see invisible.
   Will:      It increases your willpower.
 q - +1 fire dragon scales (worn)
Jewellery
 j - a ring of see invisible (left claw)
 m - a +6 ring of strength (right claw)
 o - a ring of fire
Scrolls
 d - 8 scrolls of identify
 h - a scroll of teleportation
Potions
 g - 10 potions of curing
 i - a potion of resistance
 k - a potion of mutation
 p - 2 potions of haste

Dungeon Overview and Level Annotations

Branches:
Dungeon (9/15)             Temple (1/1) D:4            Lair (4/5) D:9
  Swamp (0/4) Lair:2        Snake (0/4) Lair:2        Sewer (visited)
  Slime: Lair:4-5       Orc: D:9-12

Altars:
Ashenzari
Cheibriados
Dithmenos
Elyvilon
Fedhas
Gozag
Hepliaklqana
Kikubaaqudgha
Makhleb
Nemelex Xobeh
Okawaru
Qazlal
Ru
Sif Muna
Trog
Uskayaw
Vehumet
Wu Jian
Xom
Yredelemnul
Zin
The Shining One

Shops:
D:6 ((=([   D:7 =   D:9 [

Annotations:
D:4 1 runed translucent door, Crazy Yiuf
Lair:4 3 runed translucent doors, qw's ghost, journeyman TrCA


Message History

The 14-headed hydra bites you but does no damage.
You block the 14-headed hydra's attack.
The 14-headed hydra completely misses you.
You block the 14-headed hydra's attack. x2
The 14-headed hydra bites you but does no damage.
You block the 14-headed hydra's attack.
The 14-headed hydra bites you but does no damage. x2
The 14-headed hydra bites you. The 14-headed hydra barely misses you.
You block the 14-headed hydra's attack.
The 14-headed hydra bites you but does no damage.
12338 ||| READING 2 scrolls of teleportation.
As you read the scroll of teleportation, it crumbles to dust.
You feel strangely unstable.
The 14-headed hydra closely misses you. x2
You block the 14-headed hydra's attack. x2; The 14-headed hydra bites you!
You block the 14-headed hydra's attack. x2; The 14-headed hydra bites you.
The 14-headed hydra closely misses you.
The 14-headed hydra bites you but does no damage.
The 14-headed hydra bites you.
The 14-headed hydra bites you but does no damage. x2
The 14-headed hydra bites you.
You tear one of the 14-headed hydra's heads off!
The 13-headed hydra grows two more!
You claw the 15-headed hydra!
The 15-headed hydra is severely wounded.
You rip one of the 15-headed hydra's heads off!
The 14-headed hydra grows two more!
You mangle the 16-headed hydra!!
The 16-headed hydra is almost dead.
You barely miss the 16-headed hydra.
The 16-headed hydra is almost dead.
You block the 16-headed hydra's attack.
The 16-headed hydra barely misses you. x2
You block the 16-headed hydra's attack. The 16-headed hydra closely misses you.
The 16-headed hydra bites you but does no damage.
You block the 16-headed hydra's attack. x2
The 16-headed hydra bites you but does no damage.
The 16-headed hydra bites you.
The 16-headed hydra bites you but does no damage.
The 16-headed hydra barely misses you. The 16-headed hydra closely misses you.
The 16-headed hydra bites you but does no damage.
The 16-headed hydra bites you!
You die...

##.#....###...........
#####................
###...............
#.................
####..##............
#....#.##...........
##...###............
##....##.......#.....
#P..@..........##....
###PD.........##.....
#.......#.....#.....
##....##......#...^.
.....###...........
....... #...[.......
##..P..#............
##.....##....#P.#%.
.......####...


You could see a 16-headed hydra.

Vanquished Creatures
  Gastronok (Lair:2)
  2 two-headed ogres (D:9)
  Pikel (D:6)
  19 elephants
  6 black mambas
  2 torpor snails
  5 cane toads
  8 komodo dragons
  2 polar bears
  Prince Ribbit (D:5)
  Grinder (D:6)
  10 blink frogs
  4 dream sheep (Lair:1)
  A wyvern (D:9)
  7 fire elementals (Lair:1)
  35 yaks
  3 basilisks
  Eustachio (D:6)
  A steam dragon (D:9)
  3 vampire mosquitoes (Lair:2)
  3 wargs (D:9)
  2 nagas (Lair:2)
  7 water moccasins
  3 orc warriors
  2 ice beasts (D:7)
  A black bear (D:4)
  3 ogres
  A centaur (D:8)
  3 wolves (Lair:2)
  2 phantoms (D:5)
  2 kobold brigands
  8 bullfrogs
  Blork the orc (D:4)
  2 scorpions (D:5)
  4 wights (D:8)
  12 killer bees
  9 howler monkeys
  A gnoll bouda (D:9)
  3 hounds
  8 orc priests
  3 jellies
  4 iguanas
  4 orc wizards
  7 gnolls
  4 river rats (Sewer)
  10 adders
  3 shadow imps
  2 white imps (D:5)
  3 ufetubi
  3 worms
  3 dart slugs (D:2)
  28 orcs
  8 ball pythons
  5 endoplasms
  6 giant cockroaches
  8 hobgoblins
  4 jackals (D:4)
  14 kobolds
  8 quokkas
  5 bats
  9 frilled lizards
  9 goblins
  16 rats
356 creatures vanquished.

Vanquished Creatures (others)
  4 fungi
  9 plants
13 creatures vanquished.

Grand Total: 369 creatures vanquished

Notes
Turn   | Place    | Note
-------+----------+-------------------------------------------
     0 | D:1      | qw the Troll Cinder Acolyte began the quest for the Orb.
     0 | D:1      | Reached XP level 1. HP: 22/22 MP: 1/1
     0 | D:1      | 0 ||| qw: Version: 0.1-a-95-gae9e614
     0 | D:1      | 0 ||| qw: Game counter: 4457
     0 | D:1      | 0 ||| qw: Always use a shield: true
     0 | D:1      | 0 ||| qw: God list: Okawaru
     0 | D:1      | 0 ||| qw: Allow faded altars: false
     0 | D:1      | 0 ||| qw: Do Orc after D:15 true
     0 | D:1      | 0 ||| qw: Do second Lair branch before Depths: true
     0 | D:1      | 0 ||| qw: Lair rune preference: random
     0 | D:1      | 0 ||| qw: Plans: Normal
     0 | D:1      | 0 ||| PLANNING D:1-11
   312 | D:1      | Reached XP level 2. HP: 29/29 MP: 2/2
   680 | D:1      | 680 ||| INVOKING Fiery Armour.
   890 | D:1      | Reached XP level 3. HP: 36/36 MP: 3/3
   920 | D:1      | 920 ||| READING scroll labelled REAGAV OSHRASIU.
   921 | D:1      | 921 ||| READING scroll labelled ULAEGO GESTUKI.
  1006 | D:2      | 1006 ||| Stepping ~*~*~tactically~*~*~ (stealth).
  1009 | D:2      | 1009 ||| Stepping ~*~*~tactically~*~*~ (stealth).
  1011 | D:2      | 1011 ||| Stepping ~*~*~tactically~*~*~ (hiding).
  1012 | D:2      | 1012 ||| INVOKING Fiery Armour.
  1057 | D:2      | Reached XP level 4. HP: 44/44 MP: 4/4
  1125 | D:2      | 1125 ||| Stepping ~*~*~tactically~*~*~ (hiding).
  1423 | D:2      | 1423 ||| INVOKING Fiery Armour.
  1458 | D:2      | Found a sparkling altar of Nemelex Xobeh.
  1752 | D:2      | 1752 ||| READING scroll labelled KENOISURIWN.
  1752 | D:2      | Identified a scroll of acquirement
  1752 | D:2      | 1752 ||| ACQUIRING +2 tower shield of protection
  1752 | D:2      | Acquired a +2 tower shield of protection
  1754 | D:2      | 1754 ||| UPGRADING to +2 tower shield of protection.
  1759 | D:2      | 1759 ||| READING scroll labelled MUTTACH ESKE.
  1760 | D:2      | 1760 ||| READING scroll labelled MUOSIE PEUGG.
  1761 | D:2      | 1761 ||| READING scroll labelled XOCLACA COJUB.
  1762 | D:2      | 1762 ||| READING scroll labelled LIREBUG TAYVVUTE.
  1763 | D:2      | 1763 ||| DRINKING 2 sedimented ruby potions.
  1764 | D:2      | 1764 ||| Stepping randomly (stuck).
  1765 | D:2      | 1765 ||| Stepping ~*~*~tactically~*~*~ (cloud).
  1841 | D:3      | 1841 ||| PLANNING SEWER
  1863 | D:3      | 1863 ||| Stepping ~*~*~tactically~*~*~ (stealth).
  1864 | D:3      | 1864 ||| Stepping ~*~*~tactically~*~*~ (stealth).
  1910 | D:3      | 1910 ||| Stepping ~*~*~tactically~*~*~ (stealth).
  1933 | D:3      | 1933 ||| Stepping ~*~*~tactically~*~*~ (outnumbered).
  1934 | D:3      | 1934 ||| Stepping ~*~*~tactically~*~*~ (outnumbered).
  1939 | D:3      | 1939 ||| Stepping ~*~*~tactically~*~*~ (outnumbered).
  1940 | D:3      | 1940 ||| Stepping ~*~*~tactically~*~*~ (outnumbered).
  1941 | D:3      | 1941 ||| Stepping ~*~*~tactically~*~*~ (outnumbered).
  1979 | D:3      | Reached skill level 1 in Shields
  1982 | D:3      | 1982 ||| INVOKING Fiery Armour.
  1987 | D:3      | 1987 ||| Stepping ~*~*~tactically~*~*~ (outnumbered).
  2093 | D:3      | Reached XP level 5. HP: 50/50 MP: 5/5
  2459 | D:3      | Found a glowing drain.
  2460 | D:3      | 2460 ||| READING 2 scrolls labelled VOCSEJ MYA.
  2461 | D:3      | 2461 ||| DRINKING 3 puce potions.
  2462 | D:3      | 2462 ||| READING 3 scrolls of identify.
  2462 | D:3      | 2462 ||| IDENTIFYING yellow potion
  2463 | D:3      | 2463 ||| READING 2 scrolls of identify.
  2463 | D:3      | 2463 ||| IDENTIFYING amethyst potion
  2464 | D:3      | 2464 ||| DROPPING potion of flight.
  2465 | D:3      | 2465 ||| DROPPING potion of brilliance.
  2466 | D:3      | 2466 ||| DROPPING scroll of immolation.
  2470 | Sewer    | Entered a sewer
  2819 | Sewer    | 2819 ||| UPGRADING to amulet of guardian spirit.
  2824 | Sewer    | 2824 ||| READING scroll labelled BAP FAPOFUUTEI.
  2828 | Sewer    | 2828 ||| READING 6 scrolls of identify.
  2828 | Sewer    | 2828 ||| IDENTIFYING fizzy coppery potion
  2829 | Sewer    | 2829 ||| READING 5 scrolls of identify.
  2829 | Sewer    | 2829 ||| IDENTIFYING metallic red potion
  2830 | Sewer    | 2830 ||| DROPPING potion of ambrosia.
  2850 | D:3      | 2850 ||| PLANNING D:1-11
  3072 | D:4      | Reached skill level 3 in Shields
  3119 | D:4      | Found a staircase to the Ecumenical Temple.
  3200 | D:4      | Noticed Blork the orc
  3203 | D:4      | Noticed a black bear
  3204 | D:4      | 3204 ||| INVOKING Fiery Armour.
  3207 | D:4      | Killed Blork the orc
  3208 | D:4      | Reached XP level 6. HP: 59/59 MP: 6/6
  3228 | D:4      | Found a shimmering blue altar of Sif Muna.
  3518 | D:4      | Found a runed translucent door.
  3519 | D:4      | Noticed Crazy Yiuf
  3544 | D:4      | Reached XP level 7. HP: 66/66 MP: 7/7
  3941 | D:4      | 3941 ||| READING scroll labelled XEVUEPEKOF.
  3942 | D:4      | 3942 ||| READING 6 scrolls of identify.
  3942 | D:4      | 3942 ||| IDENTIFYING white potion
  3973 | D:5      | Entered Level 5 of the Dungeon
  3988 | D:5      | Reached skill level 6 in Shields
  3991 | D:5      | 3991 ||| Stepping ~*~*~tactically~*~*~ (outnumbered).
  4177 | D:5      | Noticed Prince Ribbit
  4198 | D:5      | Killed Prince Ribbit
  4286 | D:5      | 4286 ||| Stepping ~*~*~tactically~*~*~ (stealth).
  4287 | D:5      | 4287 ||| Stepping ~*~*~tactically~*~*~ (stealth).
  4300 | D:5      | 4300 ||| Stepping ~*~*~tactically~*~*~ (outnumbered).
  4318 | D:5      | Reached XP level 8. HP: 60/74 MP: 6/8
  4438 | D:5      | 4438 ||| Stepping ~*~*~tactically~*~*~ (hiding).
  4439 | D:5      | 4439 ||| Stepping ~*~*~tactically~*~*~ (hiding).
  4465 | D:5      | 4465 ||| Stepping ~*~*~tactically~*~*~ (outnumbered).
  4503 | D:5      | 4503 ||| Stepping ~*~*~tactically~*~*~ (stealth).
  4507 | D:5      | 4507 ||| Stepping ~*~*~tactically~*~*~ (stealth).
  4531 | D:5      | 4531 ||| INVOKING Fiery Armour.
  4646 | D:5      | 4646 ||| Stepping ~*~*~tactically~*~*~ (stealth).
  4647 | D:5      | 4647 ||| Stepping ~*~*~tactically~*~*~ (stealth).
  4728 | D:5      | 4728 ||| Stepping ~*~*~tactically~*~*~ (outnumbered).
  4767 | D:5      | 4767 ||| FLEEEEING.
  4768 | D:5      | 4768 ||| FLEEEEING.
  4769 | D:5      | 4769 ||| FLEEEEING.
  4770 | D:5      | 4770 ||| FLEEEEING.
  4772 | D:5      | 4772 ||| FLEEEEING.
  4773 | D:5      | 4773 ||| Stepping ~*~*~tactically~*~*~ (hiding).
  4775 | D:5      | 4775 ||| Stepping ~*~*~tactically~*~*~ (hiding).
  4783 | D:5      | Reached skill level 6 in Unarmed Combat
  4837 | D:5      | 4837 ||| Stepping ~*~*~tactically~*~*~ (stealth).
  4858 | D:5      | 4858 ||| READING scroll labelled ZYAFAY QABBEUT.
  4905 | D:6      | Noticed Grinder
  4906 | D:6      | Noticed Pikel
  4907 | D:6      | 4907 ||| INVOKING Fiery Armour.
  4912 | D:6      | 4912 ||| Stepping ~*~*~tactically~*~*~ (outnumbered).
  4916 | D:6      | 4916 ||| Stepping ~*~*~tactically~*~*~ (stealth).
  4919 | D:6      | 4919 ||| Stepping ~*~*~tactically~*~*~ (hiding).
  4920 | D:6      | Killed Pikel
  4921 | D:6      | Reached skill level 9 in Shields
  4921 | D:6      | 4921 ||| FLEEEEING.
  4944 | D:6      | Killed Grinder
  4945 | D:6      | Reached XP level 9. HP: 74/80 MP: 7/9
  5001 | D:6      | 5001 ||| Stepping ~*~*~tactically~*~*~ (stealth).
  5009 | D:6      | Found Putoedat's Weapon Shoppe.
  5043 | D:6      | Found Ukuidalo's Antique Weapon Shop.
  5045 | D:6      | Found Zoclah's Jewellery Shoppe.
  5074 | D:6      | Noticed Eustachio
  5075 | D:6      | 5075 ||| SHOPLISTING +4 ring of protection (468 gold, have
                  | 291).
  5075 | D:6      | 5075 ||| SHOPLISTING +4 ring of slaying (1014 gold, have
                  | 291).
  5075 | D:6      | 5075 ||| SHOPLISTING +6 ring of dexterity (468 gold, have
                  | 291).
  5075 | D:6      | 5075 ||| SHOPLISTING amulet of regeneration (390 gold, have
                  | 291).
  5075 | D:6      | 5075 ||| SHOPLISTING ring of fire (325 gold, have 291).
  5102 | D:6      | 5102 ||| Stepping ~*~*~tactically~*~*~ (outnumbered).
  5103 | D:6      | 5103 ||| Stepping ~*~*~tactically~*~*~ (outnumbered).
  5104 | D:6      | 5104 ||| Stepping ~*~*~tactically~*~*~ (outnumbered).
  5109 | D:6      | 5109 ||| Stepping ~*~*~tactically~*~*~ (outnumbered).
  5110 | D:6      | 5110 ||| INVOKING Fiery Armour.
  5111 | D:6      | 5111 ||| Stepping ~*~*~tactically~*~*~ (outnumbered).
  5112 | D:6      | Killed Eustachio
  5125 | D:6      | Found Rappe's Weapon Shop.
  5267 | D:6      | Found Orghiat's Armour Boutique.
  5276 | D:6      | 5276 ||| SHOPLISTING +5 robe of Night {Dark Will+ SInv}
                  | (720 gold, have 291).
  5625 | D:6      | Found a sparkling altar of Nemelex Xobeh.
  5694 | D:6      | 5694 ||| UPGRADING to ring of see invisible.
  5695 | D:6      | 5695 ||| READING 8 scrolls of identify.
  5695 | D:6      | 5695 ||| IDENTIFYING viscous inky potion
  5746 | D:7      | 5746 ||| READING 8 scrolls of identify.
  5746 | D:7      | 5746 ||| IDENTIFYING fuming cyan potion
  5747 | D:7      | 5747 ||| DROPPING potion of magic.
  5748 | D:7      | 5748 ||| READING 3 scrolls of teleportation.
  5790 | D:7      | 5790 ||| INVOKING Fiery Armour.
  5791 | D:7      | 5791 ||| Stepping ~*~*~tactically~*~*~ (outnumbered).
  5805 | D:7      | 5805 ||| FLEEEEING.
  6069 | D:7      | Reached skill level 3 in Fighting
  6228 | D:7      | Found Hiluul's Jewellery Shoppe.
  6231 | D:7      | 6231 ||| SHOPLISTING +4 ring of evasion (432 gold, have
                  | 303).
  6231 | D:7      | 6231 ||| SHOPLISTING amulet of regeneration (360 gold, have
                  | 303).
  6231 | D:7      | 6231 ||| SHOPLISTING ring of Salvation {*Corrode rC+ Int-2
                  | Dex+7 Slay+4} (1162 gold, have 303).
  6231 | D:7      | 6231 ||| BUYING ring of fire (300 gold).
  6231 | D:7      | Bought a ring of fire for 300 gold pieces
  6231 | D:7      | 6231 ||| SHOPLISTING ring of poison resistance (240 gold,
                  | have 3).
  6371 | D:7      | 6371 ||| UPGRADING to +6 ring of strength.
  6372 | D:7      | 6372 ||| DROPPING ring of flight.
  6527 | D:8      | Reached skill level 9 in Unarmed Combat
  6529 | D:8      | Reached skill level 1 in Throwing
  6585 | D:8      | 6585 ||| Stepping ~*~*~tactically~*~*~ (hiding).
  6598 | D:8      | 6598 ||| Stepping ~*~*~tactically~*~*~ (stealth).
  6599 | D:8      | 6599 ||| Stepping ~*~*~tactically~*~*~ (stealth).
  6735 | D:8      | Found a glowing golden altar of the Shining One.
  6875 | D:8      | 6875 ||| Stepping ~*~*~tactically~*~*~ (stealth).
  6920 | D:8      | Reached XP level 10. HP: 91/91 MP: 8/10
  6921 | D:8      | 6921 ||| Stepping ~*~*~tactically~*~*~ (stealth).
  6922 | D:8      | 6922 ||| Stepping ~*~*~tactically~*~*~ (stealth).
  6924 | D:8      | 6924 ||| Stepping ~*~*~tactically~*~*~ (stealth).
  6925 | D:8      | 6925 ||| Stepping ~*~*~tactically~*~*~ (stealth).
  7128 | D:8      | Found a shimmering altar of Xom.
  7230 | D:8      | Found a white marble altar of Elyvilon.
  7331 | D:8      | 7331 ||| Stepping ~*~*~tactically~*~*~ (stealth).
  7438 | D:8      | 7438 ||| UPGRADING to +0 fire dragon scales.
  7448 | D:8      | 7448 ||| DROPPING +0 robe.
  7449 | D:8      | 7449 ||| DROPPING amulet of magic regeneration.
  7450 | D:8      | 7450 ||| READING 8 scrolls of identify.
  7450 | D:8      | 7450 ||| IDENTIFYING inky potion
  7502 | D:9      | 7502 ||| Stepping ~*~*~tactically~*~*~ (hiding).
  7506 | D:9      | Reached skill level 1 in Armour
  7517 | D:9      | Found a staircase to the Lair.
  7544 | D:9      | Found Fusyorph's Antique Armour Emporium.
  7558 | D:9      | 7558 ||| Stepping ~*~*~tactically~*~*~ (stealth).
  7576 | D:9      | 7576 ||| Stepping ~*~*~tactically~*~*~ (hiding).
  7580 | D:9      | 7580 ||| Stepping ~*~*~tactically~*~*~ (hiding).
  7604 | D:9      | 7604 ||| Stepping ~*~*~tactically~*~*~ (hiding).
  7605 | D:9      | 7605 ||| Stepping ~*~*~tactically~*~*~ (hiding).
  7611 | D:9      | 7611 ||| INVOKING Fiery Armour.
  7616 | D:9      | 7616 ||| Stepping ~*~*~tactically~*~*~ (outnumbered).
  7618 | D:9      | 7618 ||| Stepping ~*~*~tactically~*~*~ (outnumbered).
  7707 | D:9      | 7707 ||| Stepping ~*~*~tactically~*~*~ (outnumbered).
  7708 | D:9      | 7708 ||| Stepping ~*~*~tactically~*~*~ (outnumbered).
  7709 | D:9      | 7709 ||| Stepping ~*~*~tactically~*~*~ (outnumbered).
  7710 | D:9      | 7710 ||| Stepping ~*~*~tactically~*~*~ (outnumbered).
  7711 | D:9      | 7711 ||| Stepping ~*~*~tactically~*~*~ (outnumbered).
  7712 | D:9      | 7712 ||| Stepping ~*~*~tactically~*~*~ (outnumbered).
  7714 | D:9      | 7714 ||| Stepping ~*~*~tactically~*~*~ (outnumbered).
  7715 | D:9      | 7715 ||| Stepping ~*~*~tactically~*~*~ (outnumbered).
  7776 | D:9      | Noticed a two-headed ogre
  7783 | D:9      | Killed a two-headed ogre
  7859 | D:9      | 7859 ||| Stepping ~*~*~tactically~*~*~ (stealth).
  7862 | D:9      | 7862 ||| Stepping ~*~*~tactically~*~*~ (outnumbered).
  7875 | D:9      | 7875 ||| INVOKING Fiery Armour.
  7893 | D:9      | 7893 ||| Stepping ~*~*~tactically~*~*~ (stealth).
  7899 | D:9      | 7899 ||| FLEEEEING.
  7903 | D:9      | 7903 ||| STAIRDANCE
  7978 | D:9      | Noticed a two-headed ogre
  7985 | D:9      | 7985 ||| Stepping ~*~*~tactically~*~*~ (outnumbered).
  7987 | D:9      | 7987 ||| Stepping ~*~*~tactically~*~*~ (outnumbered).
  7989 | D:9      | 7989 ||| Stepping ~*~*~tactically~*~*~ (outnumbered).
  7998 | D:9      | 7998 ||| INVOKING Fiery Armour.
  8003 | D:9      | Killed a two-headed ogre
  8004 | D:9      | Reached skill level 12 in Shields
  8004 | D:9      | Reached XP level 11. HP: 49/100 MP: 5/11
  8106 | D:9      | 8106 ||| PLANNING TEMPLE
  8205 | Temple   | Entered the Ecumenical Temple
  8205 | Temple   | Found a transporter.
  8205 | Temple   | Found a transporter.
  8207 | Temple   | Found a transporter.
  8207 | Temple   | Found a transporter.
  8217 | Temple   | 8217 ||| PLANNING LAIR
  8220 | Temple   | 8220 ||| PLANNING CONVERSION TO OKAWARU
  8223 | Temple   | Fell from the grace of Ignis
  8223 | Temple   | Became a worshipper of Warmaster Okawaru
  8224 | Temple   | 8224 ||| PLANNING LAIR
  8224 | Temple   | 8224 ||| REMOVING amulet of guardian spirit.
  8229 | Temple   | 8229 ||| DROPPING amulet of guardian spirit.
  8397 | Lair:1   | Entered Level 1 of the Lair of Beasts
  8437 | Lair:1   | 8437 ||| Stepping ~*~*~tactically~*~*~ (stealth).
  8441 | Lair:1   | 8441 ||| Stepping ~*~*~tactically~*~*~ (stealth).
  8456 | Lair:1   | Reached skill level 1 in Dodging
  8603 | Lair:1   | 8603 ||| Stepping ~*~*~tactically~*~*~ (outnumbered).
  8604 | Lair:1   | 8604 ||| Stepping ~*~*~tactically~*~*~ (outnumbered).
  8605 | Lair:1   | 8605 ||| Stepping ~*~*~tactically~*~*~ (outnumbered).
  8606 | Lair:1   | 8606 ||| Stepping ~*~*~tactically~*~*~ (outnumbered).
  8613 | Lair:1   | Reached * piety under Okawaru
  8628 | Lair:1   | 8628 ||| INVOKING Heroism.
  8778 | Lair:1   | 8778 ||| INVOKING Heroism.
  8784 | Lair:1   | 8784 ||| Stepping ~*~*~tactically~*~*~ (outnumbered).
  8787 | Lair:1   | Reached skill level 1 in Invocations
  8805 | Lair:1   | 8805 ||| INVOKING Heroism.
  8839 | Lair:1   | 8839 ||| INVOKING Heroism.
  8879 | Lair:1   | 8879 ||| INVOKING Heroism.
  8914 | Lair:1   | 8914 ||| Stepping ~*~*~tactically~*~*~ (outnumbered).
  8916 | Lair:1   | 8916 ||| Stepping ~*~*~tactically~*~*~ (outnumbered).
  8917 | Lair:1   | 8917 ||| Stepping ~*~*~tactically~*~*~ (outnumbered).
  8918 | Lair:1   | 8918 ||| Stepping ~*~*~tactically~*~*~ (outnumbered).
  8924 | Lair:1   | 8924 ||| INVOKING Heroism.
  8951 | Lair:1   | 8951 ||| INVOKING Heroism.
  8993 | Lair:1   | 8993 ||| Stepping ~*~*~tactically~*~*~ (stealth).
  8994 | Lair:1   | 8994 ||| Stepping ~*~*~tactically~*~*~ (stealth).
  8996 | Lair:1   | 8996 ||| Stepping ~*~*~tactically~*~*~ (stealth).
  9000 | Lair:1   | 9000 ||| Stepping ~*~*~tactically~*~*~ (outnumbered).
  9001 | Lair:1   | 9001 ||| Stepping ~*~*~tactically~*~*~ (outnumbered).
  9004 | Lair:1   | Reached skill level 3 in Invocations
  9009 | Lair:1   | 9009 ||| Stepping ~*~*~tactically~*~*~ (stealth).
  9013 | Lair:1   | Reached ** piety under Okawaru
  9017 | Lair:1   | 9017 ||| INVOKING Heroism.
  9054 | Lair:1   | 9054 ||| Stepping ~*~*~tactically~*~*~ (stealth).
  9055 | Lair:1   | 9055 ||| INVOKING Heroism.
  9096 | Lair:1   | 9096 ||| INVOKING Heroism.
  9160 | Lair:1   | 9160 ||| INVOKING Heroism.
  9325 | Lair:1   | 9325 ||| INVOKING Heroism.
  9679 | Lair:1   | You fall into a shaft and drop 1 floor!
  9680 | Lair:2   | 9680 ||| INVOKING Heroism.
  9683 | Lair:2   | 9683 ||| Stepping ~*~*~tactically~*~*~ (outnumbered).
  9684 | Lair:2   | 9684 ||| Stepping ~*~*~tactically~*~*~ (outnumbered).
  9687 | Lair:2   | 9687 ||| Stepping ~*~*~tactically~*~*~ (outnumbered).
  9688 | Lair:2   | 9688 ||| Stepping ~*~*~tactically~*~*~ (outnumbered).
  9690 | Lair:2   | 9690 ||| Stepping ~*~*~tactically~*~*~ (outnumbered).
  9691 | Lair:2   | 9691 ||| Stepping ~*~*~tactically~*~*~ (outnumbered).
  9692 | Lair:2   | 9692 ||| Stepping ~*~*~tactically~*~*~ (outnumbered).
  9693 | Lair:2   | 9693 ||| Stepping ~*~*~tactically~*~*~ (outnumbered).
  9694 | Lair:2   | 9694 ||| Stepping ~*~*~tactically~*~*~ (outnumbered).
  9695 | Lair:2   | 9695 ||| Stepping ~*~*~tactically~*~*~ (outnumbered).
  9697 | Lair:2   | 9697 ||| Stepping ~*~*~tactically~*~*~ (outnumbered).
  9699 | Lair:2   | 9699 ||| Stepping ~*~*~tactically~*~*~ (outnumbered).
  9700 | Lair:2   | 9700 ||| Stepping ~*~*~tactically~*~*~ (outnumbered).
  9701 | Lair:2   | 9701 ||| Stepping ~*~*~tactically~*~*~ (outnumbered).
  9702 | Lair:2   | 9702 ||| INVOKING Heroism.
  9703 | Lair:2   | 9703 ||| Stepping ~*~*~tactically~*~*~ (outnumbered).
  9704 | Lair:2   | 9704 ||| Stepping ~*~*~tactically~*~*~ (outnumbered).
  9705 | Lair:2   | 9705 ||| Stepping ~*~*~tactically~*~*~ (outnumbered).
  9706 | Lair:2   | 9706 ||| Stepping ~*~*~tactically~*~*~ (outnumbered).
  9707 | Lair:2   | 9707 ||| Stepping ~*~*~tactically~*~*~ (outnumbered).
  9708 | Lair:2   | 9708 ||| Stepping ~*~*~tactically~*~*~ (outnumbered).
  9714 | Lair:2   | 9714 ||| Stepping ~*~*~tactically~*~*~ (outnumbered).
  9715 | Lair:2   | 9715 ||| Stepping ~*~*~tactically~*~*~ (outnumbered).
  9717 | Lair:2   | 9717 ||| Stepping ~*~*~tactically~*~*~ (outnumbered).
  9718 | Lair:2   | 9718 ||| Stepping ~*~*~tactically~*~*~ (outnumbered).
  9721 | Lair:2   | 9721 ||| INVOKING Heroism.
  9725 | Lair:2   | HP: 25/100 [yak (2)]
  9726 | Lair:2   | 9726 ||| READING 3 scrolls of teleportation.
  9727 | Lair:2   | HP: 8/100 [yak (6)]
  9728 | Lair:2   | 9728 ||| DRINKING 2 potions of heal wounds.
  9729 | Lair:2   | 9729 ||| DRINKING potion of heal wounds.
  9734 | Lair:2   | 9734 ||| Stepping ~*~*~tactically~*~*~ (outnumbered).
  9737 | Lair:2   | Reached skill level 12 in Unarmed Combat
  9840 | Lair:2   | 9840 ||| Stepping ~*~*~tactically~*~*~ (stealth).
  9844 | Lair:2   | 9844 ||| INVOKING Heroism.
  9846 | Lair:2   | 9846 ||| Stepping ~*~*~tactically~*~*~ (outnumbered).
  9847 | Lair:2   | 9847 ||| Stepping ~*~*~tactically~*~*~ (outnumbered).
  9848 | Lair:2   | 9848 ||| Stepping ~*~*~tactically~*~*~ (outnumbered).
  9849 | Lair:2   | 9849 ||| Stepping ~*~*~tactically~*~*~ (outnumbered).
  9851 | Lair:2   | 9851 ||| Stepping ~*~*~tactically~*~*~ (outnumbered).
  9855 | Lair:2   | 9855 ||| Stepping ~*~*~tactically~*~*~ (outnumbered).
  9856 | Lair:2   | 9856 ||| Stepping ~*~*~tactically~*~*~ (outnumbered).
  9860 | Lair:2   | 9860 ||| INVOKING Heroism.
  9867 | Lair:2   | 9867 ||| Stepping ~*~*~tactically~*~*~ (outnumbered).
  9868 | Lair:2   | 9868 ||| Stepping ~*~*~tactically~*~*~ (outnumbered).
  9871 | Lair:2   | 9871 ||| Stepping ~*~*~tactically~*~*~ (outnumbered).
  9872 | Lair:2   | 9872 ||| Stepping ~*~*~tactically~*~*~ (outnumbered).
  9879 | Lair:2   | Reached *** piety under Okawaru
  9887 | Lair:2   | 9887 ||| INVOKING Heroism.
  9892 | Lair:2   | Reached XP level 12. HP: 86/107 MP: 11/14
  9930 | Lair:1   | 9930 ||| INVOKING Heroism.
  9934 | Lair:1   | HP: 26/107 [fire elemental[the fiery vengeance of Ignis]
                  | (12)]
  9935 | Lair:1   | 9935 ||| READING 2 scrolls of teleportation.
 10097 | Lair:2   | Found a staircase to the Swamp.
 10101 | Lair:2   | 10101 ||| INVOKING Heroism.
 10143 | Lair:2   | 10143 ||| INVOKING Heroism.
 10175 | Lair:2   | You fall into a shaft and drop 2 floors!
 10337 | Lair:4   | 10337 ||| Stepping ~*~*~tactically~*~*~ (stealth).
 10350 | Lair:4   | 10350 ||| INVOKING Heroism.
 10355 | Lair:4   | 10355 ||| Stepping ~*~*~tactically~*~*~ (stealth).
 10358 | Lair:4   | 10358 ||| Stepping ~*~*~tactically~*~*~ (outnumbered).
 10393 | Lair:3   | 10393 ||| INVOKING Heroism.
 10395 | Lair:3   | 10395 ||| Stepping ~*~*~tactically~*~*~ (outnumbered).
 10396 | Lair:3   | 10396 ||| Stepping ~*~*~tactically~*~*~ (outnumbered).
 10397 | Lair:3   | 10397 ||| Stepping ~*~*~tactically~*~*~ (outnumbered).
 10398 | Lair:3   | 10398 ||| Stepping ~*~*~tactically~*~*~ (outnumbered).
 10401 | Lair:3   | 10401 ||| Stepping ~*~*~tactically~*~*~ (outnumbered).
 10402 | Lair:3   | 10402 ||| Stepping ~*~*~tactically~*~*~ (outnumbered).
 10410 | Lair:3   | Reached **** piety under Okawaru
 10416 | Lair:3   | You fall into a shaft and drop 1 floor!
 10425 | Lair:4   | 10425 ||| INVOKING Heroism.
 10437 | Lair:4   | 10437 ||| Stepping ~*~*~tactically~*~*~ (outnumbered).
 10459 | Lair:4   | Received a gift from Okawaru
 10459 | Lair:4   | Reached ***** piety under Okawaru
 10549 | Lair:3   | Reached skill level 6 in Invocations
 10627 | Lair:3   | 10627 ||| INVOKING Heroism.
 10679 | Lair:3   | 10679 ||| Stepping ~*~*~tactically~*~*~ (outnumbered).
 10680 | Lair:3   | 10680 ||| Stepping ~*~*~tactically~*~*~ (outnumbered).
 10681 | Lair:3   | 10681 ||| Stepping ~*~*~tactically~*~*~ (outnumbered).
 10682 | Lair:3   | 10682 ||| Stepping ~*~*~tactically~*~*~ (outnumbered).
 10683 | Lair:3   | 10683 ||| Stepping ~*~*~tactically~*~*~ (outnumbered).
 10684 | Lair:3   | 10684 ||| Stepping ~*~*~tactically~*~*~ (outnumbered).
 10685 | Lair:3   | 10685 ||| Stepping ~*~*~tactically~*~*~ (outnumbered).
 10686 | Lair:3   | 10686 ||| Stepping ~*~*~tactically~*~*~ (outnumbered).
 10687 | Lair:3   | 10687 ||| Stepping ~*~*~tactically~*~*~ (outnumbered).
 10688 | Lair:3   | 10688 ||| Stepping ~*~*~tactically~*~*~ (outnumbered).
 10689 | Lair:3   | 10689 ||| Stepping ~*~*~tactically~*~*~ (outnumbered).
 10690 | Lair:3   | 10690 ||| Stepping ~*~*~tactically~*~*~ (outnumbered).
 10691 | Lair:3   | 10691 ||| Stepping ~*~*~tactically~*~*~ (outnumbered).
 10692 | Lair:3   | 10692 ||| Stepping ~*~*~tactically~*~*~ (outnumbered).
 10693 | Lair:3   | 10693 ||| Stepping ~*~*~tactically~*~*~ (outnumbered).
 10694 | Lair:3   | 10694 ||| Stepping ~*~*~tactically~*~*~ (outnumbered).
 10695 | Lair:3   | 10695 ||| Stepping ~*~*~tactically~*~*~ (outnumbered).
 10696 | Lair:3   | 10696 ||| Stepping ~*~*~tactically~*~*~ (outnumbered).
 10697 | Lair:3   | 10697 ||| Stepping ~*~*~tactically~*~*~ (outnumbered).
 10698 | Lair:3   | 10698 ||| Stepping ~*~*~tactically~*~*~ (outnumbered).
 10699 | Lair:3   | 10699 ||| Stepping ~*~*~tactically~*~*~ (outnumbered).
 10701 | Lair:3   | 10701 ||| Stepping ~*~*~tactically~*~*~ (outnumbered).
 10708 | Lair:3   | 10708 ||| INVOKING Heroism.
 10771 | Lair:3   | Identified the +2 robe of the Ancient Teeth {Will+ SInv}
                  | (Okawaru gifted it to you on level 3 of the Lair of Beasts)
 10771 | Lair:3   | Received a gift from Okawaru
 10803 | Lair:3   | 10803 ||| INVOKING Heroism.
 10831 | Lair:3   | 10831 ||| READING scroll labelled ZOAGHO JEAH.
 10832 | Lair:3   | 10832 ||| READING scroll labelled EPPESI TYANA.
 10937 | Lair:2   | You fall into a shaft and drop 2 floors!
 11071 | Lair:2   | Found a staircase to the Snake Pit.
 11072 | Lair:2   | 11072 ||| Stepping ~*~*~tactically~*~*~ (hiding).
 11102 | Lair:2   | 11102 ||| Stepping ~*~*~tactically~*~*~ (stealth).
 11105 | Lair:2   | 11105 ||| Stepping ~*~*~tactically~*~*~ (stealth).
 11109 | Lair:2   | 11109 ||| Stepping ~*~*~tactically~*~*~ (outnumbered).
 11114 | Lair:2   | Reached XP level 13. HP: 118/118 MP: 17/17
 11288 | Lair:2   | 11288 ||| Stepping ~*~*~tactically~*~*~ (stealth).
 11289 | Lair:2   | 11289 ||| INVOKING Heroism.
 11302 | Lair:2   | Reached skill level 3 in Armour
 11438 | Lair:2   | 11438 ||| DRINKING 2 potions of cancellation.
 11440 | Lair:2   | 11440 ||| DRINKING potion of cancellation.
 11461 | Lair:2   | You fall into a shaft and drop 2 floors!
 11461 | Lair:4   | Was forgiven by Ignis
 11471 | Lair:4   | 11471 ||| READING scroll labelled TAP NOROIZATUW.
 11499 | Lair:4   | Found a runed translucent gate.
 11499 | Lair:4   | Found a runed translucent gate.
 11499 | Lair:4   | Found a runed translucent gate.
 11500 | Lair:4   | Noticed qw's ghost (journeyman TrCA)
 11881 | Lair:2   | Noticed Gastronok
 11882 | Lair:2   | 11882 ||| Stepping ~*~*~tactically~*~*~ (hiding).
 11885 | Lair:2   | 11885 ||| INVOKING Heroism.
 11895 | Lair:2   | 11895 ||| Stepping ~*~*~tactically~*~*~ (outnumbered).
 11903 | Lair:2   | Killed Gastronok
 11949 | Lair:2   | 11949 ||| READING scroll of enchant armour.
 11949 | Lair:2   | 11949 ||| ENCHANTING +0 fire dragon scales.
 12080 | Lair:2   | 12080 ||| UPGRADING to +2 hat.
 12085 | Lair:2   | 12085 ||| READING 9 scrolls of identify.
 12085 | Lair:2   | 12085 ||| IDENTIFYING lumpy dark potion
 12086 | Lair:2   | 12086 ||| DROPPING potion of attraction.
 12323 | Lair:3   | 12323 ||| INVOKING Heroism.
 12324 | Lair:3   | 12324 ||| INVOKING Finesse.
 12337 | Lair:3   | HP: 28/118 [14-headed hydra (6)]
 12338 | Lair:3   | 12338 ||| READING 2 scrolls of teleportation.
 12338 | Lair:3   | HP: 10/118 [14-headed hydra (6)]
 12341 | Lair:3   | Slain by a 16-headed hydra

Levels and vault maps discovered:
D:1:      minmay_arrival_plants_in_alcoves, layout_loops_corners,
          minmay_pentomino_w2
D:2:      layout_loops_cross, basic_altar, amcnicky_mini_rare_corridor_liquid
D:3:      kennysheep_the_goblin_king, layout_basic, gup_sewer_entry_bowl,
          hangedman_decor_peaks_small
D:4:      layout_loops_ring, lemuel_doored_altar,
          minmay_temple_entry_large_hall, minmay_small_thing,
          uniq_crazy_yiuf_cottage, uniq_blork_the_orc
D:5:      minmay_octagon_keep, layout_loops_ring, uniq_prince_ribbit1
D:6:      layout_loops_ring, nemelex_dance_club_becter, serial_shops,
          nicolae_shop_waterfront, nicolae_shop_hallway_stairs,
          nicolae_shop_advertising_works [nicolae_subvault_shop_adworks],
          nicolae_shop_window_shopping,
          nicolae_shop_temple_entry_statues_fountains, kennysheep_crisscross,
          uniq_pikel, uniq_eustachio, uniq_grinder
D:7:      layout_loops_ring, serial_glass, glass_columns_a, glass_columns_b,
          glass_columns_c, glass_columns_c, glass_columns_a, glass_columns_a,
          glass_columns_b, glass_columns_b, serial_shops, kennysheep_mini_moat,
          hangedman_decor_clover_reticule, grunt_ogre_cave
D:8:      layout_basic, nicolae_elyvilon_temple_path, tso_altar,
          mainiacjoe_overflow_boulevard
D:9:      layout_gridville, erik_lair_orcish_takeover, serial_shops,
          nicolae_shop_temple_entry_statues_fountains
Temple:   hellmonk_temple_divided_pantheon
Lair:1:   layout_hall_layers
Lair:2:   layout_cave_shapes, minmay_swamp_entry_swarm,
          guppyfry_snake_entry_garden, grunt_megastairs_2, uniq_gastronok
Lair:3:   layout_cave_shapes
Lair:4:   layout_cave_pods, ebering_ghost_rock_garden,
          chequers_serial_rivers_small_b, lemuel_fruit_tree

Skill      XL: |  1  2  3  4  5  6  7  8  9 10 11 12 13 |
---------------+----------------------------------------+-----
Unarmed Combat | 4 5 6 9 10 12 13 | 13.0
Shields        | 1 3 5 7 9 10 12 13 | 13.9
Fighting       | 3 4 5 |  5.2
Throwing       | 1 2 |  2.2
Armour         | 2 3 |  3.0
Dodging        | 1 |  1.2
Invocations    | 4 6 7 |  7.6
Spellcasting   | |  1.0
Fire Magic     | |  2.1

Action                   |  1- 3 |  4- 6 |  7- 9 | 10-12 | 13-15 || total
-------------------------+-------+-------+-------+-------+-------++-------
Melee: Unarmed           |    55 |   168 |   316 |   505 |    73 ||  1117
       Punch             |     2 |     1 |       |       |       ||     3
Throw: Boomerang         |       |       |    19 |    19 |       ||    38
       Javelin           |       |       |       |     7 |       ||     7
Invok: Fiery Armour      |     2 |     3 |     4 |     3 |       ||    12
       Heroism           |       |       |       |    27 |     3 ||    30
       Finesse           |       |       |       |       |     1 ||     1
  Use: Scroll            |     2 |    11 |     6 |     5 |     4 ||    28
       Potion            |       |     2 |       |     2 |     2 ||     6
Armor: Robe              |    14 |    44 |    92 |     6 |       ||   156
       Fire dragon scale |       |       |       |   169 |    25 ||   194
Dodge: Dodged            |    18 |    32 |    54 |   102 |    21 ||   227
Block: Tower shield      |       |    66 |   226 |   484 |    56 ||   832

Table legend:
 A = Non-vault XP
 B = Vault XP
 C = Vault XP percentage of total XP
 D = Non-vault monster count
 E = Vault monster count
 F = Vault count percentage of total count
                 A         B        C        D         E       F
            +---------+---------+-------+---------+---------+-------
      Total |   36876 |    6180 |  14.4 |     281 |      68 |  19.5
            +---------+---------+-------+---------+---------+-------
        D:1 |      41 |       1 |   2.4 |      20 |       1 |   4.8
        D:2 |     105 |       0 |   0.0 |      20 |       0 |   0.0
        D:3 |      56 |      16 |  22.2 |      19 |       9 |  32.1
        D:4 |     285 |     225 |  44.1 |      16 |       3 |  15.8
        D:5 |     628 |     563 |  47.3 |      24 |      11 |  31.4
        D:6 |     286 |    1219 |  81.0 |      14 |       5 |  26.3
        D:7 |     994 |     130 |  11.6 |      14 |       1 |   6.7
        D:8 |    1892 |       0 |   0.0 |      22 |       0 |   0.0
        D:9 |    4283 |     597 |  12.2 |      36 |       7 |  16.3
     Lair:1 |    7427 |       0 |   0.0 |      27 |       0 |   0.0
     Lair:2 |    6893 |    3332 |  32.6 |      30 |       9 |  23.1
     Lair:3 |    7057 |       0 |   0.0 |      19 |       0 |   0.0
     Lair:4 |    6929 |       0 |   0.0 |      20 |       0 |   0.0
      Sewer |       0 |      97 | 100.0 |       0 |      22 | 100.0
            +---------+---------+-------+---------+---------+-------
